 Dungeon Crawl Stone Soup version 0.22-a0-608-g8a62e23 (webtiles) character file.

997 Hebeh the Magician (level 7, -4/40 HPs)
             Began as a Deep Elf Fire Elementalist on July 9, 2018.
             Slain by a yak (9 damage)
             ... on level 7 of the Dungeon.
             The game lasted 00:30:30 (7878 turns).

Hebeh the Magician (Deep Elf Fire Elementalist)     Turns: 7878, Time: 00:30:31

Health: -4/40      AC:  5    Str:  6    XL:     7   Next: 99%
Magic:  9/19       EV: 13    Int: 21    God:
Gold:   157        SH:  0    Dex: 15    Spells: 11/20 levels left

rFire    . . .     SeeInvis .   d - +7 short sword
rCold    + . .     Gourm    .   (no shield)
rNeg     . . .     Faith    .   a - +0 robe
rPois    +         Spirit   .   (no helmet)
rElec    .         Reflect  .   f - scarf {repulsion}
rCorr    .         Harm     .   z - +1 pair of gloves
MR       .....                  E - +0 pair of boots
Stlth    ++........             (no amulet)
HPRegen  0.13/turn              l - ring of poison resistance
MPRegen  0.16/turn              y - ring of protection from cold

@: repel missiles
A: no striking features
a: no special abilities


You were on level 7 of the Dungeon.
You were not hungry.

You visited 2 branches of the dungeon, and saw 8 of its levels.

You collected 313 gold pieces.
You spent 156 gold pieces at shops.

Inventory:

Hand Weapons
 d - a +7 short sword (weapon)
Missiles
 g - 190 stones (quivered)
 G - 3 silver tomahawks
Armour
 a - a +0 robe (worn)
 f - a scarf of repulsion (worn)
 s - a +0 cloak
 z - a +1 pair of gloves (worn)
 E - a +0 pair of boots (worn)
Jewellery
 k - a +1 ring of evasion
 l - a ring of poison resistance (left hand)
 m - a +3 ring of intelligence
 q - an uncursed ring of stealth
 y - a ring of protection from cold (right hand)
Wands
 w - a wand of polymorph (2)
 B - a wand of digging (6)
 H - a wand of scattershot (5)
Scrolls
 e - 3 scrolls of enchant weapon
 i - a scroll of magic mapping
 j - a scroll of random uselessness {unknown}
 o - 3 scrolls of remove curse
 p - a scroll of blinking
 r - 8 scrolls of identify {unknown}
 t - a scroll of teleportation {unknown}
 v - a scroll of noise {unknown}
Potions
 b - 3 potions of flight {unknown}
 h - a potion of might {unknown}
 n - a potion of magic {unknown}
 u - 4 potions of heal wounds
 x - a potion of brilliance {unknown}
 A - 2 potions of curing
 C - 2 potions of degeneration {unknown}
 D - a potion of haste
Comestibles
 c - 11 rations


   Skills:
 + Level 2.5 Fighting
 - Level 2.4 Dodging
 - Level 2.4 Stealth
 * Level 7.0 Spellcasting
 * Level 5.3 Conjurations
 * Level 6.4 Fire Magic


You had 11 spell levels left.
You knew the following spells:

 Your Spells              Type           Power        Failure   Level  Hunger
a - Flame Tongue          Conj/Fire      ####.        1%          1    None
b - Throw Flame           Conj/Fire      ####..       1%          2    None
c - Conjure Flame         Conj/Fire      ####....     2%          3    #......
d - Inner Flame           Hex/Fire       ###.....     7%          3    #......

Your spell library contained the following spells:

 Spells                   Type           Power        Failure   Level  Hunger
 Fireball                 Conj/Fire      ####......   22%         5    #####..
 Sticky Flame             Conj/Fire      ####....     8%          4    ###....


Dungeon Overview and Level Annotations

Branches:
Dungeon (7/15)             Temple (1/1) D:5

Altars:
Ashenzari
Dithmenos
Elyvilon
Fedhas
Gozag
Hepliaklqana
Makhleb
Nemelex Xobeh
Okawaru
Qazlal
Ru
Sif Muna
Trog
Uskayaw
Wu Jian
Yredelemnul
Zin
The Shining One

Shops:
D:4 *:[   D:5 !

Annotations:
D:5 2 transporters


Message History

Aiming: Flame Tongue (safe; 1% risk of failure)
Press: ? - help, Shift-Dir - straight line, f/p - yak
Aim: a yak (almost dead)
The flame tongue hits the yak.
The yak appears unharmed.
The yak is almost dead.
The yak gores you but does no damage. The yak gores you.
Casting: Flame Tongue (safe; 1% risk of failure)
Confirm with . or Enter, or press ? or * to list all spells.
Aiming: Flame Tongue (safe; 1% risk of failure)
Press: ? - help, Shift-Dir - straight line, f/p - yak
Aim: a yak (almost dead)
The flame tongue hits the yak.
The yak appears unharmed.
The yak is almost dead.
The yak bellows!
The yak gores you. The yak completely misses you. The yak barely misses you.
The yak gores you but does no damage. The yak gores you!
* * * LOW HITPOINT WARNING * * *
You completely miss the yak. The yak closely misses you. The yak gores you!
You die...

<.........#
........ .....
#.# #..# #.#
#.###.# #..##.#
##.##.#
##########..#.###
#@YY............#
#YY.............#
#Y.Y............#
#..........#..###
#..........#.>#
#############.#
####.# #....####
#.#####..


You could see 6 yaks.

Vanquished Creatures
  An ice beast (D:5)
  A phantom (D:4)
  A centaur (D:6)
  An ogre (D:6)
  Blork the orc (D:5)
  A bullfrog (D:6)
  A scorpion (D:5)
  A howler monkey (D:5)
  A bullfrog zombie (D:7)
  A crimson imp (D:5)
  2 hounds
  Crazy Yiuf (D:5)
  A jelly (D:5)
  2 worker ants (D:4)
  Terence (D:3)
  Robin (D:3)
  8 adders
  2 shadow imps
  An ooze (D:4)
  3 worms
  A dart slug (D:1)
  4 leopard geckos
  5 orcs
  4 giant cockroaches
  9 hobgoblins
  2 jackals (D:1)
  14 kobolds
  4 quokkas
  2 bats (D:1)
  11 frilled lizards (D:2)
  6 goblins
  6 rats
100 creatures vanquished.

Notes
Turn   | Place    | Note
-------+----------+-------------------------------------------
     0 | D:1      | Hebeh the Deep Elf Fire Elementalist began the quest for the Orb.
     0 | D:1      | Reached XP level 1. HP: 10/10 MP: 6/6
   341 | D:1      | Reached XP level 2. HP: 15/15 MP: 5/8
  1341 | D:2      | Reached XP level 3. HP: 20/20 MP: 7/10
  2221 | D:2      | Learned a level 2 spell: Throw Flame
  2225 | D:2      | Learned a level 3 spell: Conjure Flame
  2229 | D:2      | Learned a level 3 spell: Inner Flame
  2237 | D:3      | Reached skill level 4 in Spellcasting
  2237 | D:3      | Reached XP level 4. HP: 11/24 MP: 3/12
  2493 | D:3      | Found a burning altar of Makhleb.
  2500 | D:3      | Reached skill level 1 in Fighting
  3029 | D:3      | Noticed Robin
  3172 | D:3      | Noticed Terence
  3186 | D:3      | Killed Terence
  3186 | D:3      | Reached XP level 5. HP: 9/29 MP: 1/13
  3805 | D:3      | Killed Robin
  4165 | D:4      | Noticed a phantom
  4175 | D:4      | Killed a phantom
  4175 | D:4      | Reached skill level 5 in Spellcasting
  4285 | D:4      | Reached skill level 5 in Fire Magic
  4285 | D:4      | Reached XP level 6. HP: 34/34 MP: 7/15
  4402 | D:4      | Found a stormy altar of Qazlal.
  4447 | D:4      | Found Ruarr's Book Shop.
  4471 | D:4      | Found Gaefuh's Armour Shoppe.
  5021 | D:4      | Found Aggoh's Assorted Antiques.
  5029 | D:4      | Bought a scroll labeled HOREMN MYABIU for 26 gold pieces
  5064 | D:4      | Found the +6 lightning scales {run, rElec}
  5161 | D:4      | Bought a cursed +0 pair of gloves for 15 gold pieces
  5161 | D:4      | Bought a +0 pair of boots for 45 gold pieces
  5196 | D:5      | Entered Level 5 of the Dungeon
  5196 | D:5      | Found a transporter.
  5196 | D:5      | Found a hide-covered altar of Uskayaw.
  5196 | D:5      | Found a transporter.
  5196 | D:5      | Noticed a slime creature
  5240 | D:5      | Found a white marble altar of Elyvilon.
  5568 | D:5      | Noticed Blork the orc
  5584 | D:5      | Killed Blork the orc
  5584 | D:5      | Reached XP level 7. HP: 30/39 MP: 3/17
  5783 | D:5      | Reached skill level 6 in Spellcasting
  5882 | D:5      | Found a staircase to the Ecumenical Temple.
  5894 | Temple   | Entered the Ecumenical Temple
  6042 | D:5      | Found a runed door.
  6122 | D:5      | Found Waeph's Distillery.
  6129 | D:5      | Bought a potion of heal wounds for 70 gold pieces
  6493 | D:5      | Noticed Crazy Yiuf
  6495 | D:5      | Killed Crazy Yiuf
  6857 | D:6      | Found a glowing golden altar of the Shining One.
  7100 | D:6      | Reached skill level 5 in Conjurations
  7510 | D:6      | Reached skill level 7 in Spellcasting
  7848 | D:7      | Noticed a yak
  7848 | D:7      | Noticed a yak
  7848 | D:7      | Noticed a yak
  7848 | D:7      | Noticed a yak
  7866 | D:7      | Noticed a yak
  7868 | D:7      | Noticed a yak
  7878 | D:7      | Slain by a yak

Vault maps used:
D:1:      dpeg_arrival_fog
D:2:      minmay_lizard_pond
D:3:      makhleb_blood_cavern_becter, uniq_terence, uniq_robin
D:4:      kennysheep_mini, first_ration, serial_shops, shop, shop,
          nicolae_shop_stone
D:5:      wad_river_or_something, gammafunk_temple_overflow_arena, temple_hall,
          serial_shops, nicolae_shop_statue_plus, elyvilon_altar_4,
          uniq_blork_the_orc, uniq_crazy_yiuf_cottage
D:6:      nicolae_tso_swordbearing_angel
D:7:      slow_altar_2, grunt_temple_overflow_open, chequers_big_river
Temple:   eino_wide_crystal_templ

Skill      XL: |  1  2  3  4  5  6  7 |
---------------+----------------------+-----
Conjurations   | 2 3 4 5 |  5.3
Fire Magic     | 4 5 6 |  6.4
Spellcasting   | 4 5 7 |  7.0
Fighting       | 1 2 |  2.5
Dodging        | |  2.4
Stealth        | |  2.4

Action                   |  1- 3 |  4- 6 |  7- 9 || total
-------------------------+-------+-------+-------++-------
Melee: Short sword       |       |     7 |     1 ||     8
Throw: Stone             |    49 |    10 |     2 ||    61
 Cast: Flame Tongue      |    77 |    86 |    39 ||   202
       Throw Flame       |       |    25 |    16 ||    41
       Conjure Flame     |       |     4 |     1 ||     5
       Inner Flame       |       |       |     1 ||     1
  Use: Scroll            |       |     8 |     1 ||     9
  Eat: Chunk             |     3 |     5 |     6 ||    14
       Ration            |       |     2 |       ||     2
Armor: Robe              |     4 |     6 |     6 ||    16
Dodge: Dodged            |     8 |    22 |    30 ||    60
       Deflected         |     5 |     1 |     2 ||     8

Table legend:
 A = Spawn XP
 B = Non-spawn XP
 C = Spawn XP percentage of total XP
 D = Spawn monster count
 E = Non-spawn monster count
 F = Spawn count percentage of total count
 G = Total turns spent on level
                    A         B        C        D         E        F      G
               +---------+---------+-------+---------+---------+-------+---------
         Total |       0 |    1425 |   0.0 |       0 |     100 |   0.0 |  7878
               +---------+---------+-------+---------+---------+-------+---------
           D:1 |       0 |      39 |   0.0 |       0 |      23 |   0.0 |  1241
           D:2 |       0 |      42 |   0.0 |       0 |      21 |   0.0 |   989
           D:3 |       0 |     166 |   0.0 |       0 |      24 |   0.0 |  1935
           D:4 |       0 |     236 |   0.0 |       0 |       8 |   0.0 |  1031
           D:5 |       0 |     515 |   0.0 |       0 |      14 |   0.0 |  1426
           D:6 |       0 |     381 |   0.0 |       0 |       9 |   0.0 |  1055
           D:7 |       0 |      46 |   0.0 |       0 |       1 |   0.0 |   131
               +---------+---------+-------+---------+---------+-------+---------
